 Dungeon Crawl Stone Soup version 0.30-a0-177-g1cb5dbfd7a (webtiles) character file.

Game seed: 16513537529657727332

2855 billz999 the Ogre Mage (level 9, -4/74 HPs)
             Began as an Ogre Air Elementalist on Oct 3, 2022.
             Was a Priest of Okawaru.
             Slain by a gargoyle
             ... wielding a +2 morningstar of holy wrath
              (17 damage)
             ... on level 7 of the Dungeon.
             The game lasted 00:23:31 (10819 turns).

billz999 the Ogre Mage (Ogre Air Elementalist)     Turns: 10819, Time: 00:23:32

Health: -4/74      AC:  8    Str: 21    XL:     9   Next: 75%
Magic:  12/23      EV:  9    Int: 27    God:    Okawaru [***...]
Gold:   283        SH:  0    Dex:  9    Spells: 17/29 levels left

rFire   x . .      SeeInvis +    x - +7 staff of the Meek {protect, meekguard}
rCold   . . .      Faith    .    (shield currently unavailable)
rNeg    + . .      Spirit   .    z - +4 robe of Twilight {rF- Int+7}
rPois   +          Reflect  .    (helmet restricted)
rElec   .          Harm     .    F - +0 cloak
rCorr   .          Rampage  .    (gloves unavailable)
Will    .....                    (boots unavailable)
Stlth   ++........               (no amulet)
HPRegen 0.32/turn                j - ring of poison resistance
MPRegen 0.18/turn                E - ring of Loabinea {rN+ Str+7 SInv Stlth+}

@: mighty, attractive, studying Transmutations
A: large, unfitting armour, tough skin 1
a: Renounce Religion, Heroism


You were on level 7 of the Dungeon.
You worshipped Okawaru.
Okawaru was most pleased with you.
You visited 1 branch of the dungeon, and saw 7 of its levels.

You collected 488 gold pieces.
You spent 205 gold pieces at shops.

Inventory:

Hand Weapons
 r - a +3 giant club
 x - the +7 staff of the Meek (weapon) {protect, meekguard}
   (You found it on level 4 of the Dungeon)

   It grants its wielder temporary protection when it strikes (+7 to AC).
   It provides extra protection to wielders with little health.
Armour
 a - a +0 robe
 n - a +0 pair of gloves
 q - a +2 pair of gloves of dexterity
 v - a +2 robe of positive energy
 z - the +4 robe of Twilight (worn) {rF- Int+7}
   (You bought it in a shop on level 4 of the Dungeon)

   Int:       It affects your intelligence (+7).
   rF:        It makes you vulnerable to fire.
 F - a +0 cloak (worn)
Jewellery
 j - a ring of poison resistance (left hand)
 A - a ring of fire
 E - the ring of Loabinea (right hand) {rN+ Str+7 SInv Stlth+}
   (You found it on level 6 of the Dungeon)

   [ring of positive energy]

   Str:       It affects your strength (+7).
   rN:        It protects you from negative energy.
   SInv:      It lets you see invisible.
   Stlth:     It makes you more stealthy.
 H - an amulet of the acrobat
Wands
 o - a wand of roots (16)
 y - a wand of digging (3)
Scrolls
 c - a scroll of immolation
 f - 4 scrolls of identify {unknown}
 g - 2 scrolls of amnesia {unknown}
 i - a scroll of teleportation {unknown}
 l - 4 scrolls of enchant armour
 m - a scroll of butterflies {unknown}
 p - a scroll of acquirement {unknown}
 s - 2 scrolls of noise {unknown}
 u - 3 scrolls of magic mapping {unknown}
 C - a scroll of blinking {unknown}
 G - a scroll of poison {unknown}
Potions
 b - a potion of magic
 d - 2 potions of might
 e - a potion of curing {unknown}
 h - a potion of attraction
 k - a potion of mutation {unknown}
 t - 2 potions of haste {unknown}
 w - a potion of heal wounds {unknown}
 B - a potion of berserk rage {unknown}
 D - a potion of flight {unknown}
 I - a potion of cancellation {unknown}
 J - a potion of lignification {unknown}


   Skills:
 - Level 1.7 Dodging
 - Level 1.4 Stealth
 * Level 10.5 Spellcasting
 + Level 5.9 Conjurations
 + Level 6.6 Air Magic


You had 17 spell levels left.
You knew the following spells:

 Your Spells              Type           Power      Damage    Failure   Level
a - Shock                 Conj/Air       100%       1d9       1%          1
b - Swiftness             Air            49%        N/A       1%          3
c - Airstrike             Air            24%        2d(4-20)  2%          4
d - Flame Wave            Conj/Fire      30%        2d9       12%         4

Your spell library contained the following spells:

 Spells                   Type           Power      Damage    Failure   Level
 Static Discharge         Conj/Air       96%        2-6/arc   1%          2
 Slow                     Hex            56%        N/A       4%          1
 Confusing Touch          Hex            14%        N/A       12%         3
 Vampiric Draining        Necr           14%        2d7       12%         3
 Spellforged Servitor     Conj/Summ      Unusable   N/A       N/A         7

Dungeon Overview and Level Annotations

Branches:
Dungeon (7/15)             Temple (0/1) D:6

Altars:
Cheibriados
Dithmenos
Fedhas
Gozag
Hepliaklqana
Kikubaaqudgha
Okawaru
Ru
Vehumet
Xom

Shops:
D:3 (   D:4 [

Annotations:
D:7 exclusion: statue


Innate Abilities, Weirdness & Mutations

You are too large for most types of armour.
You have tough skin. (AC +1)


Message History

You open the door. You open the door.
A gargoyle comes into view.
It is wielding a +2 morningstar of holy wrath.
Found a scroll labelled MYED HAEL TOE.
A gargoyle is nearby!
Casting: Shock (safe; 1% risk of failure)
Confirm with . or Enter, or press ? or * to list all spells.
Aiming: Airstrike (dangerous; 2% risk of failure)
Press: ? - help, Dir - move target, f - gargoyle
Aim: a gargoyle, wielding a +2 morningstar of holy wrath (empty space bonus: 4/8)
The air twists around and strikes the gargoyle but does no damage.
The gargoyle hurls a stone arrow at you.
The stone arrow hits you!
Casting: Airstrike (dangerous; 2% risk of failure)
Confirm with . or Enter, or press ? or * to list all spells.
Aiming: Airstrike (dangerous; 2% risk of failure)
Press: ? - help, Dir - move target, f/p - gargoyle
Aim: a gargoyle, wielding a +2 morningstar of holy wrath (empty space bonus: 4/8)
The air twists around and strikes the gargoyle.
The gargoyle is lightly damaged.
The gargoyle hits you with a +2 morningstar of holy wrath!!
Casting: Airstrike (dangerous; 2% risk of failure)
Confirm with . or Enter, or press ? or * to list all spells.
Aiming: Airstrike (dangerous; 2% risk of failure)
Press: ? - help, Dir - move target, f/p - gargoyle
Aim: a gargoyle, wielding a +2 morningstar of holy wrath (lightly damaged, empty space bonus: 4/8)
The air twists around and strikes the gargoyle but does no damage.
The gargoyle hits you with a +2 morningstar of holy wrath!!
As you read the scroll labelled ROVEQY AFIROA, it crumbles to dust.
It is a scroll of enchant armour.
Your +1 robe of positive energy glows green for a moment.
The gargoyle hits you with a +2 morningstar of holy wrath!
* * * LOW HITPOINT WARNING * * *
It was a potion of might.
You feel very mighty all of a sudden.
The gargoyle hits you but does no damage.
It was a potion of attraction.
You feel attractive to monsters.
The gargoyle hits you with a +2 morningstar of holy wrath!
You die...

.......##.#########
#.##.#####
.##.#####.........###
#.##...... .##.#
#...#######...# #.........
....###.### ## ###.##
#########. ######..#
##+.+## #..# #. #
#.###+.....+###.# #. # #.#
#.......#8#.# ###. ###
#.##+.......'##.# #... ..#
#.##....8..@.##.# #.## ..#
#.# +.......9##.# #.# ..#
#.# #.......#?#.# #.# ..#
#.###+.....+###.# #.# ..#
#..# ##...## #..# #.# ..#
##.###8...8###.## #.# ..#
#.^.##...##...# #.# ###
###.........############.#
#.###..######..........#


You could see a gargoyle.

Vanquished Creatures
  Joseph (D:7)
  Grinder (D:5)
  Sigmund (D:6)
  3 water moccasins
  An orc warrior (D:7)
  An ogre (D:7)
  A centaur (D:7)
  2 phantoms
  5 bullfrogs
  5 scorpions
  A howler monkey (D:5)
  5 jellies
  2 hounds
  An iron imp (D:7)
  2 orc priests
  6 iguanas
  Natasha (thrice) (D:2)
  An orc wizard (D:5)
  7 gnolls
  8 adders
  A shadow imp (D:5)
  A white imp (D:5)
  4 worms
  A dart slug (D:1)
  14 orcs
  13 endoplasms
  6 giant cockroaches
  7 goblins
  6 hobgoblins
  15 kobolds
  10 quokkas
  4 ball pythons
  14 bats
  2 frilled lizards
  7 rats
162 creatures vanquished.

Vanquished Creatures (others)
  18 fungi
  5 plants (D:2)
  9 toadstools (D:4)
32 creatures vanquished.

Grand Total: 194 creatures vanquished

Notes
Turn   | Place    | Note
-------+----------+-------------------------------------------
     0 | D:1      | billz999 the Ogre Air Elementalist began the quest for the
                  | Orb.
     0 | D:1      | Reached XP level 1. HP: 16/16 MP: 3/3
   102 | D:1      | Reached skill level 1 in Conjurations
   156 | D:1      | Reached XP level 2. HP: 24/24 MP: 0/5
   292 | D:1      | Reached skill level 3 in Spellcasting
   708 | D:1      | Reached XP level 3. HP: 31/31 MP: 5/7
  1577 | D:2      | Found a faded altar of an unknown god.
  1693 | D:2      | Reached XP level 4. HP: 39/39 MP: 6/9
  2230 | D:2      | Noticed Natasha
  2237 | D:2      | Killed Natasha
  2238 | D:2      | Reached skill level 4 in Spellcasting
  2691 | D:2      | Noticed Natasha
  2705 | D:2      | Killed Natasha
  2706 | D:2      | Reached XP level 5. HP: 24/45 MP: 3/11
  2819 | D:2      | Noticed Natasha
  2831 | D:2      | Killed Natasha
  3517 | D:3      | Found an iron altar of Okawaru.
  3681 | D:3      | Became a worshipper of Warmaster Okawaru
  3745 | D:3      | Learned a level 3 spell: Swiftness
  3750 | D:3      | Learned a level 4 spell: Airstrike
  3873 | D:3      | Found Hileck's Antique Weapon Shop.
  3881 | D:3      | Bought a runed giant club for 103 gold pieces
  3892 | D:3      | Found a blossoming altar of Fedhas.
  4562 | D:4      | Reached skill level 5 in Spellcasting
  4612 | D:4      | Noticed a phantom
  4636 | D:4      | Killed a phantom
  4637 | D:4      | Reached XP level 6. HP: 43/53 MP: 1/14
  5130 | D:4      | Found the +7 staff of the Meek {protect, meekguard}
  5231 | D:4      | Reached skill level 6 in Spellcasting
  5231 | D:4      | Reached XP level 7. HP: 50/59 MP: 8/16
  5291 | D:4      | Found a sacrificial altar of Ru.
  5341 | D:4      | Found Cusijune's Antique Armour Emporium.
  5389 | D:4      | Bought a heavily jewelled robe for 102 gold pieces
  5389 | D:4      | Identified the +4 robe of Twilight {rF- Int+7} (You bought
                  | it in a shop on level 4 of the Dungeon)
  5554 | D:4      | Reached * piety under Okawaru
  5828 | D:5      | Entered Level 5 of the Dungeon
  6243 | D:5      | Reached skill level 7 in Spellcasting
  6730 | D:5      | Reached XP level 8. HP: 67/67 MP: 9/18
  6787 | D:5      | Got the Atlas of Attacks and Pyromania
  7040 | D:5      | Found an opulent altar of Gozag.
  7183 | D:5      | Reached skill level 5 in Air Magic
  7775 | D:5      | Noticed Grinder
  7779 | D:5      | Killed Grinder
  7780 | D:5      | Reached skill level 8 in Spellcasting
  7973 | D:5      | Found a shadowy altar of Dithmenos.
  8196 | D:6      | Identified the ring of Loabinea {rN+ Str+7 SInv Stlth+}
  8262 | D:6      | Reached ** piety under Okawaru
  8424 | D:6      | Found an ancient bone altar of Kikubaaqudgha.
  8588 | D:6      | Found a staircase to the Ecumenical Temple.
  8677 | D:6      | Reached skill level 9 in Spellcasting
  8677 | D:6      | Reached skill level 5 in Conjurations
  8677 | D:6      | Reached XP level 9. HP: 74/74 MP: 4/22
  8995 | D:6      | Noticed Sigmund
  9012 | D:5      | Learned a level 4 spell: Flame Wave
  9030 | D:6      | Killed Sigmund
  9431 | D:7      | Noticed Joseph
  9446 | D:7      | Killed Joseph
  9693 | D:7      | Found a snail-covered altar of Cheibriados.
  9810 | D:7      | Reached skill level 10 in Spellcasting
  9888 | D:7      | Found a hazy altar of Hepliaklqana.
  9889 | D:7      | Found a shimmering altar of Xom.
  9890 | D:7      | Noticed a spectral ugly thing
 10363 | D:7      | Found a radiant altar of Vehumet.
 10440 | D:7      | Reached *** piety under Okawaru
 10813 | D:7      | Noticed a gargoyle
 10819 | D:7      | Slain by a gargoyle

Illustrated notes

Levels and vault maps discovered:
D:1:      dpeg_arrival_solitude, layout_rooms
D:2:      layout_loops_ring, dreamdust_ecumenical_altar_hidden_monk_grotto,
          uniq_natasha
D:3:      layout_basic, lemuel_round_altar, lemuel_doored_altar,
          gup_sewer_entry_pipe, serial_shops, shop_fountains
D:4:      cheibrodos_fertilizer, layout_rooms, mainiacjoe_overflow_chevrons,
          serial_shops, nicolae_shop_temple_entry_statues_fountains,
          pf_guarded_unrand_meek
D:5:      old_forge, layout_basic, mainiacjoe_overflow_brackets,
          mainiacjoe_overflow_paths, uniq_grinder
D:6:      layout_cave_pools, general_overflow_altar,
          minmay_temple_entry_poolview, sigmund_army
D:7:      cheibrodos_statue_roulette, layout_loops_ring,
          regret_index_temple_of_mockery, slow_altar_1, vehumet_statue,
          reono_crystal_passage, uniq_joseph

Skill      XL: |  1  2  3  4  5  6  7  8  9 |
---------------+----------------------------+-----
Conjurations   | 1 2 3 5 |  5.9
Spellcasting   | 3 4 5 6 7 9 10 | 10.5
Air Magic      | 3 4 5 6 |  6.6
Dodging        | |  1.7
Stealth        | |  1.4

Action                   |  1- 3 |  4- 6 |  7- 9 || total
-------------------------+-------+-------+-------++-------
Melee: Giant club        |       |     2 |       ||     2
       Quarterstaff      |       |       |     8 ||     8
 Cast: Shock             |    96 |   138 |    65 ||   299
       Airstrike         |       |       |    72 ||    72
       Flame Wave        |       |       |     7 ||     7
Evoke: Wand              |       |       |     1 ||     1
  Use: Scroll            |       |     1 |     1 ||     2
       Potion            |       |       |     2 ||     2
Armor: Robe              |     3 |     8 |    25 ||    36
Dodge: Dodged            |     5 |    14 |    39 ||    58

Table legend: (Time is in decaauts)
 A = Elapsed time spent in this place.
 B = Non-inter-level travel time spent in this place.
 C = Inter-level travel time spent in this place.
 D = Time resting spent in this place.
 E = Time spent auto-exploring this place.
 F = Levels seen in this place.
 G = Mean time per level.
                   A        B        C        D        E       F      G
               +--------+--------+--------+--------+--------+-----+--------+
         Total |  10831 |  10518 |    313 |   4259 |   5369 |   7 | 1547.3 |
       Dungeon |  10831 |  10518 |    313 |   4259 |   5369 |   7 | 1547.3 |
               +--------+--------+--------+--------+--------+-----+--------+

Top non-repeatable levels by time:
     D:2: 2334 daAuts
     D:5: 1927 daAuts
     D:4: 1744 daAuts
     D:7: 1612 daAuts
     D:3: 1125 daAuts
     D:1: 1065 daAuts
     D:6: 1021 daAuts
